 Dungeon Sprint DCSS version 0.25.1-2-g60ff931df9 (webtiles) character file.

Game seed: 273496251490246607

41054 jbtxwes the Hoplite (level 13, 0/133 HPs)
             Began as a Minotaur Fighter on Nov 20, 2020.
             Was the Champion of Makhleb.
             Killed from afar by a purple draconian (22 damage)
             ... with a bolt of dispelling energy
             ... in the Dungeon (Sprint V: "Ziggurat Sprint").
             The game lasted 00:45:04 (1641 turns).

jbtxwes the Hoplite (Minotaur Fighter)              Turns: 1641, Time: 00:45:05

Health: 0/133      AC: 41    Str: 34    XL:     13   Next: 77%
Magic:  23/23      EV:  6    Int:  5    God:    Makhleb [******]
Gold:   0          SH: 37    Dex: 14    Spells: 14/14 levels left

rFire    + . .     SeeInvis .   G - +16 lance "Wyrmbane" {slay drac, rPois rF+ rC+ AC+3}
rCold    + . .     Gourm    .   J - +18 shield of the Gong {rElec rN+ MR+ EV-5}
rNeg     + . .     Faith    .   I - +15 Maxwell's patent armour {-Cast -Tele rElec MR+ rCorr}
rPois    +         Spirit   .   (helmet restricted)
rElec    +         Reflect  .   (no cloak)
rCorr    +         Harm     .   (no gloves)
MR       ++...     Rnd*Rage +   U - +1 pair of boots {Fly} Stlth ..........NoTele +
                                Y - amulet "Miul" {rPois Regen+ MP+9 Stlth+}
HPRegen  0.72/turn NoCast   +   A - +6 ring of strength
MPRegen  0.18/turn              B - +6 ring of strength

@: mighty, lethally poisoned (0 -> 0), berserk cooldown, studying Axes
A: retaliatory headbutt, horns 2, berserk 1, screaming 1
a: Minor Destruction, Lesser Servant of Makhleb, Major Destruction, Greater
Servant of Makhleb, Renounce Religion, Evoke Flight


You were in the Dungeon.
You worshipped Makhleb.
Makhleb was exalted by your worship.
You were not hungry.

You visited 1 branch

Inventory:

Hand Weapons
 n - the +7 long sword "Orua" {holy, Str+4}
   (You found it in the Dungeon)

   It has been blessed by the Shining One to cause great damage to the undead
   and demons.
   It affects your strength (+4).
 F - the +7 Singing Sword {vorpal, sonic wave}
   (You found it in the Dungeon)

   It inflicts extra damage upon your enemies.
 G - the +16 lance "Wyrmbane" (weapon) {slay drac, rPois rF+ rC+ AC+3}
   (You found it in the Dungeon)

   It affects your AC (+3).
   It protects you from fire.
   It protects you from cold.
   It protects you from poison.
 H - the +9 sword of Zonguldrok {reap}
   (You found it in the Dungeon)

   If a monster killed with it leaves a corpse in good enough shape, the corpse
   will be animated as a zombie friendly to the killer.
Armour
 I - the +15 Maxwell's patent armour (worn) {-Cast -Tele rElec MR+ rCorr}
   (You found it in the Dungeon)

   It insulates you from electricity.
   It affects your resistance to hostile enchantments.
   It prevents spellcasting.
   It prevents most forms of teleportation.
   It provides partial protection from all sources of acid and corrosion.
 J - the +18 shield of the Gong (worn) {rElec rN+ MR+ EV-5}
   (You found it in the Dungeon)

   It affects your evasion (-5).
   It insulates you from electricity.
   It protects you from negative energy.
   It affects your resistance to hostile enchantments.
 U - a +1 pair of boots of flying (worn)
Jewellery
 a - a +4 ring of evasion
 p - the amulet of the Ageless Blessings {Faith *Drain rElec Int+3 Dex+4}
   (You found it in the Dungeon)

   [amulet of faith]

   It allows you to gain divine favour quickly.
   It affects your intelligence (+3).
   It affects your dexterity (+4).
   It insulates you from electricity.
   It causes draining when unequipped.
 v - an uncursed ring of magical power
 w - a +6 ring of intelligence
 x - a +6 ring of dexterity
 z - the ring of Phasing {EV+8}
   (You found it in the Dungeon)

   [ring of evasion]

   It affects your evasion (+8).
 A - a +6 ring of strength (left hand)
 B - a +6 ring of strength (right hand)
 L - the ring "Ampy" {rF+ rC+}
   (You took it off a naga mage in the Dungeon)

   [ring of protection from fire]

   It protects you from fire.
   It protects you from cold.
 N - the ring "Iqolour" {MR+ Stlth+}
   (You took it off an orc warlord in the Dungeon)

   [ring of stealth]

   It affects your resistance to hostile enchantments.
   It makes you more stealthy.
 P - the amulet "Uti Qost" {Regen+ Str+3}
   (You found it in the Dungeon)

   [amulet of regeneration]

   It affects your strength (+3).
   It increases your rate of regeneration.
 R - an uncursed ring of protection from magic
 Y - the amulet "Miul" (around neck) {rPois Regen+ MP+9 Stlth+}
   (You found it in the Dungeon)

   [amulet of regeneration]

   It protects you from poison.
   It affects your magic capacity (+9).
   It increases your rate of regeneration.
   It makes you more stealthy.
Wands
 C - a wand of disintegration (6)
 D - a wand of iceblast (7)
 E - a wand of acid (6)
Scrolls
 b - 5 scrolls of brand weapon
 j - 4 scrolls of blinking
 q - 7 scrolls of fog
 r - a scroll of holy word
 s - 5 scrolls of identify
 t - 5 scrolls of remove curse
 u - 2 scrolls of fear
 M - 8 scrolls of enchant weapon
Potions
 c - 5 potions of might
 e - 9 potions of curing
 f - 9 potions of heal wounds
 g - 5 potions of haste
 h - 7 potions of magic
 i - 3 potions of berserk rage
 k - 2 potions of brilliance
 l - 2 potions of invisibility
 m - 3 potions of resistance
 o - 7 potions of stabbing
Books
 S - a manual of Axes
Miscellaneous
 y - a tin of tremorstones (3/3)
 K - a tin of tremorstones (3/3)
 O - a lightning rod (4/4)
 Q - 3 boxes of beasts
 T - a lightning rod (4/4)
 W - a phantom mirror
Comestibles
 d - 7 rations


   Skills:
 + Level 17.4 Fighting
 - Level 16.0 Long Blades
 - Level 10.9 Polearms
 - Level 1.9 Throwing
 - Level 22.5 Armour
 + Level 3.3 Dodging
 * Level 24.1 Shields
 - Level 2.1 Unarmed Combat
 - Level 1.1 Spellcasting
 - Level 3.4 Invocations
 - Level 2.6 Evocations


You had 14 spell levels left.
You didn't know any spells.
Your spell library contained the following spells:

 Spells                   Type           Power        Failure   Level  Hunger
 Animate Skeleton         Necr           N/A          83%         1    ##.....
 Apportation              Tloc           #.....       83%         1    ##.....
 Corona                   Hex            #......      83%         1    ##.....
 Infusion                 Chrm           #...         83%         1    ##.....
 Magic Dart               Conj           #...         83%         1    ##.....
 Pain                     Necr           #...         83%         1    ##.....
 Sandblast                Erth           #.....       83%         1    ##.....
 Summon Small Mammal      Summ           #...         83%         1    ##.....
 Blink                    Tloc           N/A          92%         2    ###....
 Call Imp                 Summ           #.......     92%         2    ###....
 Corpse Rot               Necr/Air       N/A          92%         2    ###....
 Ensorcelled Hibernation  Hex/Ice        #.....       92%         2    ###....
 Passwall                 Tmut/Erth      #.......     92%         2    ###....
 Poisonous Vapours        Pois/Air       #.....       92%         2    ###....
 Shroud of Golubria       Chrm/Tloc      #.....       92%         2    ###....
 Slow                     Hex            #.......     92%         2    ###....
 Song of Slaying          Chrm           #.......     92%         2    ###....
 Sublimation of Blood     Necr           #.........   92%         2    ###....
 Swiftness                Chrm/Air       #.......     92%         2    ###....
 Conjure Flame            Conj/Fire      #.......     99%         3    ####...
 Mephitic Cloud           Conj/Pois/Air  #.......     99%         3    ####...
 Spectral Weapon          Hex/Chrm       #.......     99%         3    ####...
 Stone Arrow              Conj/Erth      #.....       99%         3    ####...
 Airstrike                Air            #.........   100%        4    #####..
 Dispel Undead            Necr           #.......     100%        4    #####..
 Ice Form                 Ice/Tmut       #.......     100%        4    #####..
 Petrify                  Tmut/Erth      #.......     100%        4    #####..
 Agony                    Necr           #.......     100%        5    ######.
 Borgnjor's Vile Clutch   Necr/Erth      #.........   100%        5    ######.
 Excruciating Wounds      Chrm/Necr      #.........   100%        5    ######.
 Lee's Rapid Deconstruct  Erth           #.........   100%        5    ######.
 Lightning Bolt           Conj/Air       #.........   100%        5    ######.
 Metabolic Englaciation   Hex/Ice        #.........   100%        5    ######.
 Silence                  Hex/Air        #.........   100%        5    ######.
 Summon Mana Viper        Hex/Summ       #.......     100%        5    ######.
 Conjure Ball Lightning   Conj/Air       #.........   100%        6    #######
 Darkness                 Hex            #.........   100%        6    #######
 Dispersal                Tloc           #.........   100%        6    #######
 Freezing Cloud           Conj/Ice/Air   #.........   100%        6    #######
 Ozocubu's Refrigeration  Ice            #.........   100%        6    #######
 Shadow Creatures         Summ           N/A          100%        6    #######
 Simulacrum               Ice/Necr       #.........   100%        6    #######
 Haunt                    Necr/Summ      #.........   100%        7    #######
 Ring of Flames           Chrm/Fire      #.........   100%        7    #######
 Summon Hydra             Summ           #.........   100%        7    #######
 Borgnjor's Revivificati  Necr           #.........   100%        8    #######
 Chain Lightning          Conj/Air       #.........   100%        8    #######
 Controlled Blink         Tloc           N/A          100%        8    #######
 Death's Door             Chrm/Necr      #.........   100%        8    #######
 Infestation              Necr           #.........   100%        8    #######
 Lehudib's Crystal Spear  Conj/Erth      #.........   100%        8    #######
 Necromutation            Tmut/Necr      #.........   100%        8    #######
 Absolute Zero            Ice            #.........   100%        9    #######
 Fire Storm               Conj/Fire      #.........   100%        9    #######


Dungeon Overview and Level Annotations

Branches:
Dungeon (1/1)

Altars:
Ashenzari
Cheibriados
Dithmenos
Elyvilon
Fedhas
Gozag
Hepliaklqana
Kikubaaqudgha
Makhleb
Nemelex Xobeh
Okawaru
Qazlal
Ru
Sif Muna
Trog
Uskayaw
Vehumet
Wu Jian
Xom
Yredelemnul
Zin
The Shining One
Beogh
Jiyva
Lugonu


Innate Abilities, Weirdness & Mutations

You reflexively headbutt those who attack you in melee.
You have a pair of horns on your head.
You tend to lose your temper in combat.
You occasionally shout uncontrollably at your foes.


Message History

You block the green draconian's attack.
SHROANNG!
The purple draconian breathes dispelling energy at you.
The bolt of dispelling energy hits you!
The purple draconian breathes dispelling energy at you.
The bolt of dispelling energy hits you!!
* * * LOW HITPOINT WARNING * * *
You block the black draconian's attack.
PTOANNNG!
You feel very mighty all of a sudden.
You feel sick.
The purple draconian dies!
Makhleb accepts your kill.
Your Shields skill increases to level 24!
You block the green draconian's attack.
SHROANNG!
The purple draconian breathes dispelling energy at you.
The bolt of dispelling energy hits you!!
Your magical effects are unravelling.
You die...

▓...... ▓.):.:.:||)[
▓......
▓..=)|)||[})..▓......
▓.............▓......
▓.............▓..▓...
▓.............▓......
▓.............▓.....©
▓.d)d)........▓▓▓▓▓▓▓
▓d)▓@d.....▓..▓...8©8
▓.▓)▓§....▓.▓ ▓...).=
▓.)▓)......▓..▓..[).)
▓.............▓......
▓......©......▓......
▓▓▓▓▓▓▓▓▓▓▓▓▓▓▓....†.
▓....†. ▓..▓...
▓.▓....


You could see a black draconian, a green draconian and a purple draconian
(catching breath).

Vanquished Creatures
  An acid blob (D)
  A nagaraja (D)
  2 draconian scorchers (D)
  3 orc warlords (D)
  A draconian stormcaller (D)
  A draconian annihilator (D)
  3 red draconians (D)
  2 yellow draconians (D)
  4 green draconians (D)
  2 death oozes (D)
  3 purple draconians (D)
  A naga warrior (D)
  A hydra (D)
  An ice dragon (D)
  An anaconda (D)
  A dancing weapon (D)
  An orc high priest (D)
  A deep elf mage (D)
  A shining eye (D)
  3 toenail golems (D)
  An elephant (D)
  3 black mambas (D)
  3 naga magi (D)
  An eye of devastation (D)
  A guardian serpent (D)
  3 spiny frogs (D)
  A rime drake (D)
  2 freezing wraiths (D)
  2 ice devils (D)
  2 merfolk (D)
  A troll (D)
  2 polar bears (D)
  4 slime creatures (D)
  4 hippogriffs (D)
  An air elemental (D)
  A yak (D)
  2 wyverns (D)
  2 nagas (D)
  A warg (D)
  3 water moccasins (D)
  8 porcupines (D)
  7 orc warriors (D)
  4 necrophages (D)
  2 ogres (D)
  6 centaurs (D)
  3 wolves (D)
  A crocodile (D)
  2 bullfrogs (D)
  3 earth elementals (D)
  4 wights (D)
  A crimson imp (D)
  3 jellies (D)
  3 orc priests (D)
  An iron imp (D)
  5 orc wizards (D)
  An iguana (D)
  2 adders (D)
  2 river rats (D)
  2 white imps (D)
  3 adder zombies (D)
  An adder skeleton (D)
  3 bat skeletons (D)
  A bat zombie (D)
  A leopard gecko skeleton (D)
  A leopard gecko zombie (D)
  A quokka zombie (D)
145 creatures vanquished.

Vanquished Creatures (collateral kills)
  A nagaraja (D)
  A purple draconian (D)
  An orc high priest (D)
  A black mamba (D)
  2 polar bears (D)
  A wyvern (D)
  A naga (D)
  A porcupine (D)
  An orc warrior (D)
  A crocodile (D)
  3 adders (D)
  An adder simulacrum (D)
  4 ball pythons (D)
19 creatures vanquished.

Grand Total: 164 creatures vanquished

Notes
Turn   | Place    | Note
-------+----------+-------------------------------------------
     0 | D        | jbtxwes the Minotaur Fighter began the quest for the Orb.
     0 | D        | Reached XP level 1. HP: 19/19 MP: 0/0
     4 | D        | Found a shimmering blue altar of Sif Muna.
     4 | D        | Found a bloodstained altar of Trog.
     4 | D        | Found a sacrificial altar of Ru.
     4 | D        | Found a stormy altar of Qazlal.
     4 | D        | Found an iron altar of Okawaru.
     5 | D        | Found a sparkling altar of Nemelex Xobeh.
     5 | D        | Found a blossoming altar of Fedhas.
     6 | D        | Found the +6 Majin-Bo {vamp, Archmagi MP+6 Int+6}
     6 | D        | Found the +7 great mace "Firestarter" {inner flame, rF++}
     7 | D        | Found a transporter.
     7 | D        | Found an ancient bone altar of Kikubaaqudgha.
     7 | D        | Found a viscous altar of Jiyva.
     7 | D        | Found a corrupted altar of Lugonu.
     7 | D        | Found a hazy altar of Hepliaklqana.
     7 | D        | Found a burning altar of Makhleb.
     7 | D        | Found an opulent altar of Gozag.
    25 | D        | Found the +9 heavy crossbow "Sniper" {vorpal, Acc+∞ SInv}
    25 | D        | Found the +10 dark maul {vorpal}
    25 | D        | Found the +15 Maxwell's patent armour {-Cast -Tele rElec
                  | MR+ rCorr}
    25 | D        | Found the +18 shield of the Gong {rElec rN+ MR+ EV-5}
    25 | D        | Found the cursed +14 obsidian axe {vorpal, +Fly SInv
                  | *Curse}
    26 | D        | Found the +6 shillelagh "Devastator" {shatter}
    26 | D        | Found the +11 plutonium sword {*Contam Stlth-}
    26 | D        | Found the +8 lance "Wyrmbane" {slay drac, rPois rF+ rC+
                  | AC+3}
    26 | D        | Found the +9 sword of Zonguldrok {reap}
    26 | D        | Found the cursed +13 scythe of Curses {drain, *Curse}
    26 | D        | Found the +0 sword of Power
    26 | D        | Found the +7 mace of Variability {chain chaos}
    26 | D        | Found the +7 Singing Sword {vorpal, sonic wave}
    26 | D        | Found the +8 storm bow {elec, penet}
    71 | D        | Became a worshipper of Makhleb the Destroyer
    99 | D        | Reached skill level 5 in Fighting
    99 | D        | Reached skill level 1 in Throwing
    99 | D        | Reached skill level 1 in Spellcasting
    99 | D        | Reached skill level 1 in Invocations
    99 | D        | Reached skill level 1 in Evocations
    99 | D        | Reached XP level 2. HP: 29/29 MP: 0/2
   126 | D        | Entered arena 2.
   126 | D        | Noticed a wolf
   126 | D        | Found a transporter.
   127 | D        | Killed a wolf
   127 | D        | Reached skill level 5 in Long Blades
   127 | D        | Reached XP level 3. HP: 40/40 MP: 3/3
   127 | D        | Reached XP level 4. HP: 48/48 MP: 4/4
   132 | D        | Got the +7 long sword "Orua" {holy, Str+4}
   139 | D        | Entered arena 3.
   139 | D        | Noticed an air elemental
   139 | D        | Noticed a +2 long sword of holy wrath
   139 | D        | Noticed a deep elf mage
   139 | D        | Found a transporter.
   140 | D        | Noticed a jumping spider
   140 | D        | Noticed a redback
   142 | D        | Killed a +2 long sword of holy wrath
   142 | D        | Reached * piety under Makhleb
   142 | D        | Reached XP level 5. HP: 32/61 MP: 5/5
   142 | D        | Reached XP level 6. HP: 35/68 MP: 6/6
   143 | D        | Killed an air elemental
   143 | D        | Reached XP level 7. HP: 30/77 MP: 7/7
   146 | D        | Killed a deep elf mage
   146 | D        | Reached skill level 10 in Armour
   533 | D        | Entered arena 4.
   533 | D        | Found a transporter.
   537 | D        | Reached ** piety under Makhleb
   547 | D        | Reached *** piety under Makhleb
   552 | D        | Entered arena 5.
   552 | D        | Found a transporter.
   559 | D        | Reached XP level 8. HP: 88/88 MP: 8/8
   582 | D        | Entered arena 6.
   582 | D        | Found a transporter.
   584 | D        | Reached **** piety under Makhleb
   587 | D        | Reached ***** piety under Makhleb
   604 | D        | Entered arena 7.
   605 | D        | Identified the +5 hand axe of Eternal Harmony {vorpal, rF+}
   605 | D        | Found a transporter.
   608 | D        | Reached skill level 10 in Long Blades
   633 | D        | Entered arena 8.
   633 | D        | Noticed a toenail golem
   633 | D        | Noticed a toenail golem
   633 | D        | Noticed a toenail golem
   638 | D        | Found a transporter.
   639 | D        | Killed a toenail golem
   640 | D        | Killed a toenail golem
   640 | D        | Reached XP level 9. HP: 96/96 MP: 8/10
   640 | D        | Killed a toenail golem
   641 | D        | Reached ****** piety under Makhleb
   643 | D        | Reached skill level 15 in Long Blades
   672 | D        | Entered arena 9.
   673 | D        | Found a transporter.
   705 | D        | Entered arena 10.
   706 | D        | Found a transporter.
   750 | D        | Entered arena 11.
   750 | D        | Noticed a merfolk
   750 | D        | Noticed a merfolk
   753 | D        | Found a transporter.
   764 | D        | Killed a merfolk
   777 | D        | Reached skill level 10 in Polearms
   777 | D        | Reached XP level 10. HP: 96/104 MP: 11/11
   805 | D        | Got the amulet "Uti Qost" {Regen+ Str+3}
   823 | D        | Entered arena 12.
   823 | D        | Noticed an anaconda
   823 | D        | Noticed a naga warrior
   823 | D        | Noticed a black mamba
   824 | D        | Noticed a nagaraja
   826 | D        | Identified the ring "Ampy" {rF+ rC+}
   826 | D        | Noticed a naga mage
   829 | D        | Killed a black mamba
   833 | D        | Killed an anaconda
   837 | D        | Found a transporter.
   843 | D        | Killed a nagaraja
   843 | D        | Reached skill level 15 in Armour
   845 | D        | Killed a naga mage
   849 | D        | Killed a naga warrior
   892 | D        | Entered arena 13.
   892 | D        | Noticed an ice dragon
   894 | D        | Found a transporter.
   902 | D        | Killed an ice dragon
   902 | D        | Reached XP level 11. HP: 97/111 MP: 12/12
   965 | D        | Entered arena 14.
   967 | D        | Found the ring of Phasing {EV+8}
   968 | D        | Noticed a death ooze
   968 | D        | Noticed an acid blob
   968 | D        | Noticed a shining eye
   968 | D        | Noticed a death ooze
   970 | D        | Found a transporter.
   978 | D        | Killed an acid blob
   983 | D        | Killed a death ooze
   989 | D        | Killed a death ooze
   990 | D        | Gained mutation: You occasionally shout uncontrollably at
                  | your foes. [a shining eye]
   992 | D        | Gained mutation: You tend to lose your temper in combat. [a
                  | shining eye]
   993 | D        | Killed a shining eye
  1077 | D        | Got Sif Muna's Volume of Dark Weightlessness
  1079 | D        | Entered arena 15.
  1087 | D        | Reached skill level 5 in Shields
  1093 | D        | Reached skill level 6 in Shields
  1100 | D        | Reached skill level 7 in Shields
  1107 | D        | Found a transporter.
  1118 | D        | Reached skill level 8 in Shields
  1118 | D        | Reached XP level 12. HP: 117/117 MP: 13/13
  1122 | D        | Reached skill level 9 in Shields
  1137 | D        | Got the amulet of Saff {RegenMP Str+3 Int-2 SInv}
  1141 | D        | Got the amulet "Miul" {rPois Regen+ MP+9 Stlth+}
  1152 | D        | Got the Catalogue of Boosting Orientation
  1218 | D        | Entered arena 16.
  1220 | D        | Noticed a nagaraja
  1225 | D        | Reached skill level 15 in Fighting
  1228 | D        | Reached skill level 10 in Shields
  1236 | D        | Killed a nagaraja
  1236 | D        | Reached skill level 11 in Shields
  1240 | D        | Reached skill level 12 in Shields
  1243 | D        | Found a transporter.
  1251 | D        | Got the amulet of the Ageless Blessings {Faith *Drain rElec
                  | Int+3 Dex+4}
  1271 | D        | Entered arena 17.
  1275 | D        | Noticed an eight-headed hydra
  1277 | D        | Found the +8 mithril axe "Arga" {speed, MR+}
  1277 | D        | Found a transporter.
  1286 | D        | Reached skill level 13 in Shields
  1289 | D        | Killed a ten-headed hydra
  1289 | D        | Reached skill level 14 in Shields
  1351 | D        | Got the Incunabulum of Warped Boosts
  1353 | D        | Got Leull's Collected Works on Weightlessness
  1374 | D        | Entered arena 18.
  1380 | D        | Noticed an orc high priest
  1382 | D        | Noticed an orc warlord
  1383 | D        | Noticed an orc warlord
  1383 | D        | Identified the ring "Iqolour" {MR+ Stlth+}
  1383 | D        | Noticed an orc warlord
  1383 | D        | Noticed an orc high priest
  1396 | D        | Killed an orc warlord
  1396 | D        | Reached skill level 15 in Shields
  1401 | D        | Killed an orc high priest
  1415 | D        | Killed an orc warlord
  1415 | D        | Reached skill level 16 in Shields
  1418 | D        | Killed an orc high priest
  1418 | D        | Reached skill level 17 in Shields
  1431 | D        | Found a transporter.
  1437 | D        | Killed an orc warlord
  1437 | D        | Reached skill level 18 in Shields
  1512 | D        | Got the Volume of Malediction and the Entourage
  1526 | D        | Entered arena 19.
  1529 | D        | Noticed a green draconian
  1529 | D        | Noticed a yellow draconian scorcher
  1529 | D        | Noticed a red draconian
  1529 | D        | Noticed a yellow draconian stormcaller
  1529 | D        | Noticed a purple draconian
  1529 | D        | Noticed a yellow draconian
  1529 | D        | Noticed a green draconian
  1529 | D        | Noticed a green draconian
  1529 | D        | Noticed a red draconian
  1529 | D        | Noticed a purple draconian
  1529 | D        | Noticed a purple draconian
  1529 | D        | Noticed a yellow draconian
  1529 | D        | Noticed a green draconian
  1529 | D        | Noticed a purple draconian
  1531 | D        | Noticed a yellow draconian scorcher
  1531 | D        | Noticed a green draconian
  1532 | D        | Noticed a red draconian
  1533 | D        | Noticed a white draconian annihilator
  1533 | D        | Identified the amulet "Mymuah" {rPois Regen+ Str+4 Int+4}
  1533 | D        | Noticed a black draconian
  1534 | D        | Noticed a purple draconian
  1541 | D        | Killed a red draconian
  1541 | D        | Reached XP level 13. HP: 64/129 MP: 14/14
  1552 | D        | Killed a green draconian
  1552 | D        | Reached skill level 19 in Shields
  1555 | D        | Killed a yellow draconian
  1562 | D        | Killed a green draconian
  1569 | D        | Killed a red draconian
  1569 | D        | Reached skill level 20 in Shields
  1575 | D        | Killed a green draconian
  1581 | D        | Killed a yellow draconian
  1600 | D        | Killed a green draconian
  1600 | D        | Reached skill level 21 in Shields
  1609 | D        | Killed a purple draconian
  1613 | D        | Killed a red draconian
  1615 | D        | Killed a yellow draconian scorcher
  1615 | D        | Reached skill level 22 in Shields
  1621 | D        | Killed a purple draconian
  1625 | D        | Killed a yellow draconian scorcher
  1629 | D        | Killed a white draconian annihilator
  1629 | D        | Reached skill level 23 in Shields
  1633 | D        | Killed a purple draconian
  1637 | D        | Killed a yellow draconian stormcaller
  1641 | D        | Killed a purple draconian
  1641 | D        | Reached skill level 24 in Shields
  1641 | D        | Killed from afar by a purple draconian

Illustrated notes

Levels and vault maps discovered:
D:        sprint_v [room_start, room_1, room_2, room_3, room_4, room_5, room_6,
          room_7, room_8, room_9, room_10, room_11, room_12, room_13, room_14,
          room_15, room_16, room_17, room_18, room_19, room_20, room_21,
          room_22, room_23, room_24, room_25, room_26, room_27]

Skill      XL: |  1  2  3  4  5  6  7  8  9 10 11 12 13 |
---------------+----------------------------------------+-----
Fighting       | 5 7 11 12 13 14 16 17 | 17.4
Long Blades    | 3 5 7 8 9 13 16 | 16.0
Polearms       | 2 10 | 10.9
Throwing       | 1 |  1.9
Armour         | 4 6 9 11 18 22 | 22.5
Dodging        | 2 3 |  3.3
Spellcasting   | 1 |  1.1
Invocations    | 1 2 3 |  3.4
Evocations     | 1 2 |  2.6
Shields        | 8 18 24 | 24.1
Unarmed Combat | |  2.1

Action                   |  1- 3 |  4- 6 |  7- 9 | 10-12 | 13-15 || total
-------------------------+-------+-------+-------+-------+-------++-------
Melee: Double sword      |     1 |     3 |    37 |   179 |       ||   220
       Headbutt          |       |       |    18 |    83 |    31 ||   132
       Lance             |       |       |    39 |    31 |    93 ||   163
Invok: Lesser Servant of |       |       |     1 |       |     1 ||     2
       Minor Destruction |       |       |     1 |       |       ||     1
 Abil: Stop Flying       |       |       |       |     1 |       ||     1
Evoke: Tin of tremorston |       |       |     2 |     1 |       ||     3
       Wand              |       |       |     2 |       |       ||     2
  Use: Potion            |     1 |       |       |     2 |     3 ||     6
 Stab: Distracted        |       |       |       |     2 |       ||     2
  Eat: Ration            |       |       |       |     1 |       ||     1
Armor: Plate armour      |       |     4 |    47 |   122 |    43 ||   216
Dodge: Dodged            |       |       |     2 |    20 |     9 ||    31
Block: Kite shield       |       |     7 |   149 |   370 |   191 ||   717
       Rpst.: Double sword |       |       |       |     4 |       ||     4
